Map: Frozen Temple

Players

Miszu - Winner!

  • Race: Terran Terran
  • League: Grandmaster

Genix

  • Race: Protoss Protoss
  • League: Grandmaster

VOD

Have the link to the VOD?

Description

Time

  • Played on: May 23, 2016, 4:25 p.m.
  • Length: 9:32
Show
View Real Time Build Order
Export as new Build Order

Miszu Terran - Winner!

Build Orders: Reaper Expand, MMM Bio 

Get SALT Encoding   

  12  0:02  SCV  
  13  0:14  SCV  
  14  0:18  Supply Depot  
  14  0:26  SCV  
  15  0:39  SCV  
  15  0:41  Barracks  
  16  0:44  Refinery  
  16  0:52  SCV  
  17  1:04  SCV  
  18  1:16  SCV  
  19  1:31  Orbital Command  
  19  1:32  Reaper  
  20  1:48  Command Center  
  20  1:57  SCV  
  20  1:58  Engineering Bay  
  21  2:07  Supply Depot  
  21  2:09  Barracks Reactor, SCV  
  22  2:21  SCV  
  23  2:24  Terran Infantry Weapons Level 1  
  23  2:33  Barracks, SCV  
  24  2:45  Marine  
  24  2:46  Marine, SCV  
  27  2:56  Refinery  
  27  2:58  SCV  
  28  3:03  Marine x2  
  28  3:04  Orbital Command  
  30  3:10  SCV  
  31  3:21  Marine x2  
  31  3:22  Barracks Tech Lab, SCV  
  33  3:29  SCV  
  34  3:34  SCV  
  34  3:39  Marine x2  
  37  3:42  SCV  
  37  3:44  Marine  
  37  3:46  Factory, SCV  
  40  3:54  SCV  
  40  3:55  Supply Depot  
  41  3:57  Marine x2  
  41  3:58  SCV  
  41  3:59  Stimpack  
  45  4:04  Marauder  
  45  4:09  Barracks  
  46  4:16  Marine x2  
  46  4:17  Supply Depot, SCV x2  
  50  4:25  Marauder  
  50  4:27  Terran Infantry Armor Level 1  
  50  4:29  SCV x2  
  50  4:30  Refinery  
  54  4:34  Starport  
  54  4:35  Factory Reactor  
  54  4:41  SCV x2  
  54  4:43  Supply Depot  
  56  4:47  Marauder  
  56  4:49  Marine  
  56  4:51  Marine  
  60  4:53  SCV x2  
  62  5:05  SCV x2  
  64  5:09  Supply Depot  
  64  5:17  SCV x2  
  64  5:19  Barracks Tech Lab, Factory Reactor  
  64  5:20  Marauder  
  70  5:30  Marine x2  
  70  5:31  Supply Depot  
  72  5:41  Supply Depot, Marauder  
  72  5:43  Medivac x2  
  72  5:44  Marauder  
  72  5:45  Command Center  
  78  5:52  Marine, SCV x2  
  78  5:53  Supply Depot  
  78  5:55  Refinery  
  78  5:56  Armory  
  81  6:04  Barracks  
  81  6:05  Barracks  
  81  6:08  SCV x2  
  83  6:14  Supply Depot  
  83  6:20  SCV x2  
  83  6:27  Marauder  
  83  6:32  Marine, Marauder  
  80  6:33  Marine  
  80  6:34  Medivac x2  
  80  6:37  SCV x2  
  84  6:42  Widow Mine x2  
  88  6:48  Marine  
  88  6:49  SCV x2  
  88  6:53  Barracks Reactor, Barracks Tech Lab  
  91  6:54  Terran Infantry Weapons Level 2  
  91  6:57  Orbital Command  
  91  7:01  Marauder, SCV x2  
  93  7:02  Marine x2  
  93  7:06  Marine, Medivac  
  100  7:09  Medivac  
  100  7:13  SCV  
  100  7:14  Concussive Shells  
  100  7:15  Marauder, Combat Shields  
  103  7:17  SCV  
  103  7:20  Marine x2  
  106  7:27  SCV  
  106  7:28  SCV  
  106  7:29  SCV  
  109  7:30  Supply Depot  
  109  7:31  Supply Depot  
  109  7:32  Supply Depot, Widow Mine x2  
  109  7:34  Marine  
  109  7:35  Marine  
  109  7:36  Marine x3  
  118  7:39  SCV  
  118  7:40  Marine  
  120  7:46  Marine  
  120  7:48  Medivac x2  
  125  7:52  Supply Depot  
  125  7:54  Marauder x2  
  125  7:55  Supply Depot x2  
  125  7:56  Marine, Marauder  
  125  8:11  SCV  
  119  8:15  Marauder  
  119  8:16  Marine, Marauder  
  119  8:18  Marauder  
  125  8:21  Liberator x2  
  125  8:22  Marine  
  123  8:37  Marine, Marauder x2  
  123  8:39  Marauder  
  136  8:44  SCV x2  
  136  8:45  SCV  
  138  8:56  SCV x2  
  138  8:57  SCV  
  138  8:58  Marauder  
Show
View Real Time Build Order
Export as new Build Order

Genix Protoss 

Build Orders: 1 Gate Expand, Blink Stalkers 

Get SALT Encoding   

  12  0:01  Probe (Chrono Boost)  
  13  0:11  Probe (Chrono Boost)  
  14  0:17  Pylon  
  14  0:22  Probe (Chrono Boost)  
  16  0:35  Probe (Chrono Boost)  
  16  0:36  Gateway  
  16  0:42  Assimilator  
  16  0:46  Probe (Chrono Boost)  
  18  0:57  Probe (Chrono Boost)  
  18  1:07  Probe (Chrono Boost)  
  19  1:20  Nexus  
  19  1:26  Probe (Chrono Boost)  
  20  1:34  Cybernetics Core  
  20  1:36  Probe (Chrono Boost)  
  20  1:39  Assimilator  
  22  1:47  Probe (Chrono Boost)  
  22  1:50  Pylon  
  22  1:57  Probe (Chrono Boost)  
  23  2:11  Mothership Core (Chrono Boost)  
  25  2:17  Pylon, Warp Gate  
  25  2:21  Adept  
  27  2:29  Probe (Chrono Boost)  
  28  2:32  Probe (Chrono Boost)  
  29  2:39  Probe (Chrono Boost)  
  29  2:43  Probe (Chrono Boost)  
  31  2:50  Probe (Chrono Boost)  
  32  2:53  Probe (Chrono Boost)  
  33  3:01  Probe (Chrono Boost)  
  33  3:04  Robotics Facility, Probe (Chrono Boost)  
  35  3:12  Probe (Chrono Boost)  
  36  3:14  Probe (Chrono Boost)  
  36  3:19  Twilight Council  
  37  3:22  Probe (Chrono Boost)  
  37  3:23  Pylon  
  37  3:25  Probe (Chrono Boost)  
  39  3:33  Probe (Chrono Boost)  
  40  3:35  Probe (Chrono Boost)  
  40  3:39  Assimilator  
  40  3:40  Assimilator  
  41  3:43  Pylon, Probe (Chrono Boost)  
  41  3:44  Blink (Chrono Boost)  
  41  3:45  Probe (Chrono Boost)  
  43  3:49  Observer (Chrono Boost)  
  43  3:54  Probe  
  45  3:56  Probe  
  46  4:06  Probe  
  46  4:08  Probe  
  48  4:14  Gateway  
  48  4:16  Gateway, Nexus  
  48  4:20  Pylon  
  48  4:25  Observer  
  48  4:26  Probe x2  
  51  4:31  Pylon  
  51  4:33  Sentry  
  51  4:38  Probe  
  54  4:43  Probe  
  54  4:45  Pylon  
  55  4:50  Probe  
  56  4:55  Probe  
  56  4:59  Sentry  
  59  5:02  Probe  
  59  5:04  Pylon x2  
  60  5:08  Probe  
  60  5:11  Pylon  
  61  5:14  Stalker x2, Probe  
  61  5:20  Probe  
  67  5:25  Stalker  
  67  5:26  Probe  
  70  5:32  Gateway, Probe  
  70  5:33  Gateway, Resonating Glaives  
  71  5:36  Gateway, Probe  
  71  5:38  Probe  
  73  5:44  Probe  
  73  5:46  Gateway  
  73  5:48  Pylon, Warp Prism (Chrono Boost)  
  76  5:56  Sentry, Stalker x2  
  82  5:58  Probe  
  82  5:59  Probe x2  
  85  6:13  Probe  
  85  6:14  Pylon, Probe x2  
  88  6:19  Stalker x2  
  88  6:20  Stalker  
  88  6:24  Probe  
  92  6:26  Probe  
  91  6:39  Robotics Facility  
  91  6:40  Mothership Core  
  91  6:42  Robotics Bay  
  91  6:43  Assimilator, Pylon, Probe x2  
  91  6:44  Assimilator  
  91  6:45  Stalker  
  97  6:51  Stalker x2  
  101  6:55  Probe x2  
  101  7:00  Pylon  
  103  7:04  Forge  
  103  7:05  Forge  
  103  7:19  Stalker x3  
  103  7:20  Sentry  
  103  7:21  Adept x3  
  117  7:24  Protoss Ground Weapons Level 1 (Chrono Boost)  
  117  7:27  Pylon  
  116  7:33  Nexus  
  116  7:37  Protoss Ground Armor Level 1 (Chrono Boost)  
  116  7:40  Disruptor (Chrono Boost)  
  116  7:41  Pylon, Disruptor (Chrono Boost)  
  122  7:47  Stalker x2  
  122  7:50  Probe x3  
  129  7:54  Sentry, Stalker  
  129  7:55  Stalker  
  133  8:05  Stalker x2  
  123  8:14  Disruptor x2 (Chrono Boost)  
  123  8:16  Adept x2, Pylon  
  129  8:27  Adept x3, Pylon  
  129  8:28  Pylon  
  125  8:43  Stalker x4  
  125  8:48  Disruptor (Chrono Boost), Probe  
  134  8:49  Probe x3  
  134  8:51  Disruptor (Chrono Boost)  
  133  9:09  Stalker x3  
  132  9:10  Stalker  
  126  9:19  Adept x3  
Tags
 
Add a new tag
Caveats
  • Supply blocks, unpowered buildings, or Contaminate may cause inaccurate times.
  • Supply counts are checked every 10 seconds.